 Dungeon Crawl Stone Soup version 0.14-a0-2071-g7172c92 (webtiles) character file.

11096 Nicoed the Fighter (level 11, -1/99 HPs)
             Began as a Minotaur Fighter on Jan 22, 2014.
             Was a High Priest of Okawaru.
             Slain by a goliath beetle (11 damage)
             ... on Level 11 of the Dungeon on Jan 23, 2014.
             The game lasted 00:43:21 (10477 turns).

Nicoed the Fighter (Minotaur Fighter)              Turns: 10477, Time: 00:43:21

HP  -1/99        AC 17     Str 25      XL: 11   Next: 36%
MP  17/17        EV  5     Int -14 (5) God: Okawaru [*****.]
Gold 599         SH 36     Dex 12 (13) Spells:  0 memorised, 10 levels left

rFire  + . .     SeeInvis .     L - +2,+1 scimitar (holy)
rCold  . . .     Clarity  .     v - +4 chain mail {rF+}
rNeg   . . .     Conserve .     E - +0 large shield
rPois  .         rCorr    .     s - +1 hat {MR+}
rElec  .         rRot     .     w - +0 cloak
SustAb . .       Spirit   .     (no gloves)
rMut   .         Warding  .     (no boots)
Saprov . . .     Stasis   .     (no amulet)
MR     +....                    J - cursed ring of hunger
                                F - +4 ring of dexterity

@: lost intelligence, very slow, somewhat resistant to hostile enchantments,
extremely unstealthy
A: retaliatory headbutt, horns 2
a: Heroism, Finesse, Renounce Religion


You were on level 11 of the Dungeon.
You worshipped Okawaru.
Okawaru was extremely pleased with you.
You were not hungry.

You visited 1 branch of the dungeon, and saw 11 of its levels.
You also visited: Sewer and Bailey.

You collected 599 gold pieces.

Inventory:

Hand weapons
 L - a +2,+1 scimitar of holy wrath (weapon)
Armour
 s - a +1 hat of magic resistance (worn)
 v - a +4 chain mail of fire resistance (worn)
 w - a +0 cloak (worn)
 E - a +0 large shield (worn)
Magical devices
 a - a wand of digging (12)
 b - a wand of disintegration (12)
Comestibles
 C - 2 meat rations
Scrolls
 e - 2 scrolls of noise {unknown}
 f - 4 scrolls of enchant weapon II
 h - a scroll of curse armour {unknown}
 i - a scroll of fog {unknown}
 j - 4 scrolls of teleportation {unknown}
 k - 3 scrolls of curse jewellery {unknown}
 n - 6 scrolls of remove curse {unknown}
 o - 3 scrolls of enchant armour
 t - a scroll of recharging {unknown}
 u - 3 scrolls of fear {unknown}
 y - 2 scrolls of enchant weapon I {unknown}
 D - a scroll of curse weapon {unknown}
 G - 2 scrolls of torment {unknown}
 I - 3 scrolls of identify
 M - a scroll of magic mapping {unknown}
 N - a scroll of amnesia {unknown}
Jewellery
 r - a +3 ring of protection
 F - a +4 ring of dexterity (left hand)
 J - a cursed ring of hunger (right hand)
 K - a cursed amulet of faith
Potions
 g - 2 potions of agility
 l - 11 potions of curing
 m - 2 potions of might
 p - 2 potions of speed
 x - a potion of magic {unknown}
 z - a potion of lignification
 B - 3 potions of flight
Books
 q - a book of Summonings

   Spells                             Type                      Level
   Abjuration                         Summoning                    3
   Recall                             Summoning/Translocation      3
   Summon Elemental                   Summoning                    4
   Shadow Creatures                   Summoning                    5
   Summon Demon                       Summoning                    5
   Summon Ugly Thing                  Summoning                    6


   Skills:
 + Level 9.9 Fighting
 + Level 9.4 Long Blades
 + Level 9.5 Armour
 + Level 8.1 Dodging
 + Level 9.7 Shields
 + Level 6.6 Invocations


You had 10 spell levels left.
You didn't know any spells.

Dungeon Overview and Level Annotations

Branches:
Dungeon (11/16)            Temple (0/1) D:6            Lair (0/8) D:10
    Orc: D:9-12

Altars:
Fedhas
Makhleb
Nemelex Xobeh
Okawaru
Sif Muna
Trog
Vehumet
Xom
Zin

Shops:
D:9 ?

Annotations:
D:8 exclusions: orange crystal statue and silver statue, Maurice


Innate Abilities, Weirdness & Mutations

You reflexively headbutt those who attack you in melee.
You have a pair of horns on your head.


Message History

You are too injured to fight recklessly!
Unknown command.
Unknown command.
Unknown command.
You are too injured to fight recklessly!
Unknown command.
You are too injured to fight recklessly!
You are too injured to fight recklessly!
You are too injured to fight recklessly!
Unknown command.
Unknown command.
You are too injured to fight recklessly!
Unknown command.
Unknown command.
Save game and exit?
Welcome back, Nicoed the Minotaur Fighter.
Okawaru says: Bring me glory in combat!
Press ? for a list of commands and other information.
The goliath beetle bites you!
You die...

#...#.....###########
#....................
#...#....>###########
########'#######
#...............#
#...............######
#....#######....#.....
#..=.#.....# ...#.....
#....@B.!?b+ . #.....
#....#b..b.# #.....
#....####### #.....
#...... #####.
#....... #. ########
#. #. #. #.


You could see a goliath beetle.

Vanquished Creatures
  The ghost of Piginabag the Prestidigitator, an experienced FoHu of Nemelex Xobeh (D:8)
  A hill giant (D:10)
  An orc knight (Bailey)
  A sixfirhy (D:8)
  2 orange demons (D:8)
  Grinder (D:6)
  A hellwing (D:8)
  A troll (D:11)
  Prince Ribbit (D:6)
  11 yaks
  A wraith (D:11)
  2 hungry ghosts
  Edmund (D:7)
  3 necrophages
  8 ogres
  2 sky beasts
  8 centaurs
  3 ice beasts
  7 orc warriors
  4 phantoms
  A black bear (D:10)
  A water moccasin (D:10)
  7 giant frogs
  A troll zombie (D:11)
  A hippogriff zombie (D:10)
  The ghost of wuxia the Insei, a weakling DrTm (D:3)
  A hippogriff skeleton (D:10)
  5 killer bees (D:7)
  2 quasits
  3 goliath beetles
  6 crimson imps
  4 orc priests
  4 jellies
  Crazy Yiuf (D:3)
  A two-headed ogre zombie (D:6)
  5 scorpions
  4 hounds
  6 orc wizards
  2 iguanas
  8 worker ants
  An ogre skeleton (D:6)
  Terence (D:2)
  A mummy (D:8)
  15 adders
  2 giant centipedes (D:11)
  A white imp (D:8)
  9 worms
  8 giant mites
  2 adder zombies
  An iguana zombie (D:6)
  An adder skeleton (D:7)
  2 giant eyeballs
  12 giant geckos
  An ooze (D:3)
  26 orcs
  12 giant cockroaches
  19 goblins
  23 hobgoblins
  16 jackals
  4 quokkas
  5 ball pythons
  14 bats
  10 giant newts
  A goblin skeleton (D:4)
  31 kobolds
  A kobold skeleton (D:6)
  An orc skeleton (D:8)
  4 orc zombies
  9 rats
  A rat skeleton (D:5)
  7 ballistomycetes
365 creatures vanquished.

Vanquished Creatures (others)
  An orc (D:8)
  3 giant spores
  2 ballistomycetes (D:10)
6 creatures vanquished.

Grand Total: 371 creatures vanquished

Notes
Turn   | Place    | Note
--------------------------------------------------------------
     0 | D:1      | Nicoed, the Minotaur Fighter, began the quest for the Orb.
     0 | D:1      | Reached XP level 1. HP: 19/19 MP: 1/1
   100 | D:1      | Reached XP level 2. HP: 25/27 MP: 1/1
   193 | D:1      | Reached skill level 4 in Fighting
   194 | D:1      | Reached skill level 1 in Dodging
   597 | D:2      | Reached XP level 3. HP: 31/33 MP: 2/2
   938 | D:2      | Reached XP level 4. HP: 33/41 MP: 2/2
   941 | D:2      | Noticed Terence
   973 | D:2      | Killed Terence
  1088 | D:2      | Found an iron altar of Okawaru.
  1091 | D:2      | Found a sparkling altar of Nemelex Xobeh.
  1094 | D:2      | Found a deep blue altar of Sif Muna.
  1209 | D:2      | Became a worshipper of Warmaster Okawaru
  1739 | D:3      | Reached XP level 5. HP: 33/47 MP: 2/2
  1866 | D:3      | Noticed wuxia's ghost (weakling DrTm)
  1882 | D:3      | Killed wuxia's ghost
  2168 | D:3      | Reached skill level 5 in Armour
  2299 | D:3      | Reached XP level 6. HP: 19/55 MP: 3/3
  2646 | D:3      | Noticed Crazy Yiuf
  2655 | D:3      | Killed Crazy Yiuf
  2655 | D:3      | Reached skill level 5 in Fighting
  2742 | D:3      | Reached skill level 5 in Shields
  3039 | D:4      | Acquired Okawaru's first power
  3534 | D:5      | Entered Level 5 of the Dungeon
  3765 | D:5      | Reached skill level 1 in Invocations
  3798 | D:5      | Reached XP level 7. HP: 61/61 MP: 4/4
  4207 | D:5      | Reached skill level 6 in Armour
  4487 | D:5      | Found a glowing drain.
  4503 | Sewer    | Entered a sewer
  4754 | Sewer    | Reached skill level 5 in Long Blades
  4759 | Sewer    | Reached XP level 8. HP: 56/70 MP: 6/6
  4830 | D:6      | Found a staircase to the Ecumenical Temple.
  4961 | D:6      | Noticed Prince Ribbit
  4977 | D:6      | Killed Prince Ribbit
  4995 | D:6      | Noticed Grinder
  5006 | D:6      | Killed Grinder
  5094 | D:6      | Reached skill level 7 in Fighting
  5273 | D:6      | Reached skill level 5 in Dodging
  5598 | D:7      | Noticed Edmund
  5612 | D:7      | Reached XP level 9. HP: 70/79 MP: 10/10
  5640 | D:7      | Killed Edmund
  6028 | D:7      | Found a glowing silver altar of Zin.
  6396 | D:7      | Paralysed by a giant eyeball for 3 turns
  6592 | D:8      | Noticed an orange demon
  6593 | D:8      | Noticed a hellwing
  6611 | D:8      | Killed an orange demon
  6618 | D:8      | Killed a hellwing
  6627 | D:8      | Noticed an orange demon
  6628 | D:8      | Noticed a hellwing
  6629 | D:8      | Noticed a sixfirhy
  6958 | D:8      | Noticed Piginabag's ghost (experienced FoHu)
  6992 | D:8      | Killed Piginabag's ghost
  6992 | D:8      | Reached skill level 8 in Fighting
  6992 | D:8      | Reached skill level 5 in Invocations
  6993 | D:8      | Found a blossoming altar of Fedhas.
  6993 | D:8      | Found a shimmering altar of Xom.
  6997 | D:8      | Found a burning altar of Makhleb.
  7061 | D:8      | Reached XP level 10. HP: 85/89 MP: 12/12
  7160 | D:8      | Noticed a sixfirhy
  7186 | D:8      | HP: 1/89 [sixfirhy[a silver statue] (7)]
  7190 | D:8      | Killed a sixfirhy
  7551 | D:8      | Lost intelligence.
  7611 | D:8      | Noticed Maurice
  7949 | D:9      | Found a bloodstained altar of Trog.
  8155 | D:9      | Acquired Okawaru's second power
  8461 | D:9      | Found Xoesav's Magic Scroll Shoppe.
  8543 | D:9      | Found a radiant altar of Vehumet.
  8745 | D:9      | Reached skill level 9 in Shields
  8839 | D:10     | Entered Level 10 of the Dungeon
  8946 | D:10     | Noticed a hill giant
  8956 | D:10     | Killed a hill giant
  9667 | D:10     | Found a staircase to the Lair.
  9823 | D:11     | Found a flagged portal.
  9850 | Bailey   | Entered a bailey
  9875 | Bailey   | Reached XP level 11. HP: 42/97 MP: 13/16
  9879 | Bailey   | Noticed an orc knight
  9884 | Bailey   | Received a gift from Okawaru
  9894 | Bailey   | Killed an orc knight
 10477 | D:11     | Upgraded the game from 0.14-a0-2061-g6c6fb9c to 0.14-a0-2071-g7172c92
 10477 | D:11     | Slain by a goliath beetle

Action                   |  1- 3 |  4- 6 |  7- 9 | 10-12 || total
-------------------------+-------+-------+-------+-------++-------
Melee: Falchion          |    86 |   323 |   471 |   302 ||  1182
       Scimitar          |       |       |       |   281 ||   281
Invok: Heroism           |       |       |     1 |     4 ||     5
Evoke: Wand              |       |     1 |     1 |     1 ||     3
  Use: Scroll            |       |       |     8 |     2 ||    10
       Potion            |       |       |       |    12 ||    12
